Map: Triton LE

Players

Serral - Winner!

  • Race: Zerg Zerg
  • League: Master
  • Spawn Location: 11:00

GOReynor (Reynor)

  • Race: Zerg Zerg
  • League: Master
  • Spawn Location: 5:00

Event: HomeStory Cup XX

VOD

Have the link to the VOD?

Description

Time

  • Played on: Nov. 24, 2019, 4:34 p.m.
  • Length: 10:09

All games in this series

Show
View Real Time Build Order
Export as new Build Order

Serral Zerg - Winner!

Build Orders: Hatch First 

Get SALT Encoding   

  12  0:00  Drone  
  13  0:12  Overlord  
  13  0:17  Drone  
  14  0:31  Drone x2  
  16  0:48  Hatchery  
  15  0:51  Drone  
  15  0:55  Drone  
  17  0:58  Drone  
  18  1:09  Extractor  
  17  1:13  Spawning Pool  
  17  1:16  Drone  
  17  1:20  Drone  
  18  1:28  Drone  
  19  1:39  Drone  
  20  1:49  Drone  
  21  1:59  Queen x2, Overlord  
  21  2:00  Zergling x2  
  26  2:09  Metabolic Boost  
  26  2:11  Drone x2  
  28  2:21  Drone  
  28  2:22  Drone  
  30  2:33  Hatchery  
  30  2:36  Drone  
  30  2:38  Drone  
  31  2:48  Baneling Nest  
  31  2:49  Drone  
  31  2:50  Zergling x2  
  31  2:55  Overlord  
  31  2:57  Zergling x2  
  32  3:04  Drone x2  
  34  3:08  Drone  
  35  3:14  Zergling x6  
  35  3:16  Drone, Overlord  
  35  3:19  Drone  
  40  3:21  Drone  
  40  3:25  Queen  
  43  3:30  Evolution Chamber  
  43  3:31  Drone  
  43  3:32  Baneling  
  43  3:34  Drone  
  43  3:37  Drone  
  43  3:39  Drone  
  43  3:40  Drone  
  47  3:42  Drone  
  47  3:46  Drone x2  
  47  3:47  Drone  
  51  3:55  Lair  
  51  3:58  Drone x3  
  51  4:00  Drone  
  55  4:06  Drone  
  55  4:08  Drone  
  55  4:09  Roach Warren  
  56  4:12  Extractor x2  
  56  4:13  Overlord  
  56  4:16  Zerg Missile Weapons Level 1  
  54  4:18  Drone x2  
  54  4:21  Drone  
  57  4:24  Overlord  
  57  4:27  Overlord  
  57  4:28  Drone  
  58  4:32  Drone x4  
  58  4:35  Drone  
  63  4:39  Drone x2  
  63  4:41  Drone  
  63  4:43  Drone x2  
  63  4:45  Extractor  
  67  4:46  Extractor, Zergling x4  
  68  4:53  Glial Reconstitution  
  68  4:56  Baneling x2  
  68  4:57  Roach  
  68  4:58  Roach x3  
  76  5:00  Roach  
  76  5:03  Overlord  
  76  5:05  Overlord  
  78  5:07  Roach  
  78  5:10  Roach  
  81  5:16  Overlord  
  81  5:18  Overlord  
  80  5:24  Overlord  
  78  5:29  Nydus Network  
  78  5:30  Roach x5  
  78  5:32  Roach  
  78  5:34  Roach  
  91  5:37  Roach  
  91  5:40  Roach x2  
  97  5:44  Roach x2  
  97  5:48  Roach  
  97  5:49  Roach  
  105  5:52  Overlord  
  105  5:54  Roach x2  
  109  5:59  Roach x3  
  114  6:09  Nydus Canal  
  114  6:10  Roach x3  
  114  6:11  Roach  
  120  6:15  Overlord x2  
  120  6:19  Roach x2  
  120  6:21  Roach  
  120  6:22  Roach  
  120  6:23  Roach  
  129  6:30  Nydus Canal  
  128  6:32  Queen x2  
  128  6:37  Roach  
  128  6:39  Queen  
  134  6:43  Roach  
  128  6:48  Roach x2  
  128  6:52  Roach  
  128  6:53  Roach  
  128  6:55  Nydus Canal  
  128  6:57  Roach  
  114  7:01  Spore Crawler  
  114  7:04  Spore Crawler  
  104  7:08  Queen  
  104  7:10  Zerg Ground Armor Level 1  
  104  7:12  Roach  
  92  7:17  Queen  
  92  7:18  Roach  
  92  7:21  Roach  
  92  7:27  Spore Crawler  
  92  7:29  Spore Crawler  
  86  7:30  Spore Crawler  
  86  7:31  Roach x2  
  86  7:36  Roach  
  91  7:40  Nydus Canal, Roach  
  91  7:41  Spore Crawler  
  96  7:44  Roach x2  
  96  7:46  Roach  
  96  7:50  Roach  
  96  7:51  Spore Crawler  
  99  7:54  Roach x2  
  99  7:56  Roach  
  105  8:05  Queen x2  
  105  8:09  Queen  
  111  8:26  Drone x5  
  100  8:32  Spore Crawler  
  95  8:40  Roach x5  
  95  8:41  Queen x2  
  105  8:46  Queen  
  111  8:54  Roach  
  113  9:08  Roach x2  
  115  9:12  Roach x4  
  115  9:13  Roach x3  
  115  9:16  Queen  
  127  9:21  Queen  
  130  9:28  Queen  
  130  9:37  Nydus Canal  
  130  9:42  Roach x2  
  134  9:46  Roach x2  
  138  9:56  Nydus Canal  
Show
View Real Time Build Order
Export as new Build Order

GOReynor Zerg 

Build Orders: Hatch First 

Get SALT Encoding   

  12  0:00  Drone  
  13  0:12  Overlord  
  13  0:17  Drone  
  14  0:30  Drone x2  
  16  0:48  Hatchery  
  15  0:50  Drone  
  15  0:53  Drone  
  17  0:57  Drone  
  18  1:07  Extractor  
  17  1:12  Spawning Pool  
  17  1:15  Drone  
  17  1:18  Drone  
  18  1:27  Drone  
  19  1:38  Drone  
  20  1:49  Drone  
  21  1:59  Overlord  
  21  2:00  Zergling x2, Queen x2  
  26  2:10  Drone  
  26  2:11  Drone  
  26  2:12  Metabolic Boost  
  28  2:21  Drone x2  
  30  2:32  Hatchery  
  30  2:33  Drone  
  30  2:35  Drone  
  31  2:44  Drone  
  32  2:46  Drone  
  33  2:53  Baneling Nest  
  33  2:54  Overlord  
  33  2:55  Drone  
  33  3:01  Queen  
  33  3:04  Drone  
  36  3:13  Drone  
  36  3:15  Drone  
  36  3:16  Zergling x2  
  36  3:18  Zergling x4  
  41  3:21  Overlord  
  41  3:22  Drone  
  41  3:23  Drone x2  
  44  3:33  Evolution Chamber  
  44  3:34  Zergling x2  
  44  3:35  Overlord  
  44  3:44  Lair, Drone x2  
  44  3:45  Drone  
  44  3:47  Extractor  
  44  3:48  Zergling x2  
  46  3:49  Drone x2  
  46  3:53  Zergling x2  
  49  3:56  Drone x2  
  51  4:05  Drone x2  
  51  4:09  Roach Warren  
  52  4:12  Drone x4  
  52  4:14  Drone  
  57  4:17  Baneling  
  57  4:18  Drone  
  57  4:19  Extractor, Drone  
  57  4:23  Overlord  
  58  4:24  Drone  
  58  4:26  Drone  
  58  4:29  Zerg Melee Weapons Level 1  
  58  4:31  Drone x2  
  62  4:35  Extractor, Drone  
  62  4:41  Drone x2  
  62  4:42  Drone  
  62  4:43  Drone x2  
  62  4:44  Drone x3  
  70  4:46  Drone  
  70  4:47  Drone x2  
  70  4:48  Drone  
  74  4:56  Spire  
  74  4:57  Drone  
  73  5:00  Extractor x2  
  73  5:02  Overlord  
  73  5:03  Zergling x4  
  73  5:09  Overlord  
  73  5:14  Overlord  
  73  5:15  Drone x5  
  73  5:16  Drone  
  73  5:18  Zergling x2  
  73  5:24  Zergling x4  
  74  5:29  Zergling x2  
  74  5:30  Zergling x6  
  78  5:37  Overlord  
  78  5:38  Drone x3  
  78  5:39  Drone  
  82  5:47  Overlord  
  82  5:55  Drone  
  82  5:56  Drone x3  
  86  6:01  Spine Crawler x2  
  83  6:07  Mutalisk x9  
  83  6:11  Mutalisk  
  98  6:13  Zergling x2  
  98  6:15  Mutalisk  
  98  6:17  Zergling x2  
  103  6:19  Queen  
  103  6:21  Zergling x2  
  103  6:24  Mutalisk  
  103  6:25  Zergling x4  
  103  6:27  Zergling x4  
  103  6:32  Mutalisk  
  101  6:37  Mutalisk, Zergling x2  
  101  6:42  Mutalisk  
  101  6:43  Zergling x2  
  94  6:53  Drone x4  
  85  7:03  Drone  
  85  7:07  Drone  
  83  7:09  Zergling x2  
  83  7:14  Zergling x4  
  80  7:19  Zergling x4  
  77  7:23  Zergling x2  
  78  7:40  Spawning Pool  
  78  7:41  Drone  
  78  7:43  Drone x4  
  82  7:50  Spire  
  81  7:51  Drone  
  81  7:52  Drone  
  83  8:02  Baneling x2  
  83  8:16  Drone x5  
  83  8:20  Hatchery  
  75  8:29  Queen, Spine Crawler x3  
  75  8:30  Zergling x2  
  75  8:32  Zergling x2  
  75  8:34  Zergling x2  
  77  8:38  Zergling x4  
  79  8:44  Spine Crawler  
  79  8:46  Spine Crawler  
  77  8:49  Zergling x4  
  79  9:01  Mutalisk x2  
  82  9:10  Spine Crawler  
  82  9:11  Mutalisk x2  
  82  9:15  Spine Crawler  
  80  9:20  Mutalisk  
  74  9:26  Drone  
  73  9:32  Mutalisk  
  73  9:34  Zergling x4  
  79  9:43  Mutalisk  
  81  9:47  Zergling x4  
Tags
 
Add a new tag
Caveats
  • Supply blocks, unpowered buildings, or Contaminate may cause inaccurate times.
  • Supply counts are checked every 10 seconds.